 Dungeon Crawl Stone Soup version 0.29-a0-284-gf9362112df (webtiles) character file.

Game seed: 13550177449915502531

1120 siradein the Grave Robber (level 8, 0/69 HPs)
             Began as a Deep Dwarf Necromancer on Mar 23, 2022.
             Was a Follower of Makhleb.
             Slain by a mummy (8 damage)
             ... in an ossuary on Mar 24, 2022.
             The game lasted 00:20:55 (6656 turns).

siradein the Grave Robber (Deep Dwarf Necromancer)  Turns: 6656, Time: 00:20:56

Health: 0/69       AC:  7    Str: 11    XL:     8   Next: 12%
Magic:  13/13      EV: 11    Int: 19    God:    Makhleb [*.....]
Gold:   134        SH:  0    Dex: 13    Spells: 6/14 levels left

rFire   . . .      SeeInvis .   w - +0 flail (vorpal)
rCold   . . .      Faith    .   (no shield)
rNeg    . . .      Spirit   .   h - +0 ring mail
rPois   .          Reflect  .   j - +0 helmet
rElec   .          Harm     .   v - +0 cloak
rCorr   .          Rampage  .   (no gloves)
Will    ++...                   (no boots)
Stlth   +.........              (no amulet)
HPRegen 0.00/turn               D - ring of willpower
MPRegen 0.13/turn               E - +4 ring of slaying

@: studying Stealth
A: damage resistance, heal wounds, sense surroundings 1, no regeneration
a: Heal Wounds, Renounce Religion


You were in an ossuary.
You worshipped Makhleb.
Makhleb was aware of your devotion.
You visited 2 branches of the dungeon, and saw 7 of its levels.
You also visited: Ossuary.

You collected 197 gold pieces.
You spent 63 gold pieces at shops.

Inventory:

Hand Weapons
 g - a +0 morningstar
 k - a +2 mace of draining
 w - a +0 vorpal flail (weapon)
Missiles
 i - 14 poisoned darts
Armour
 h - a +0 ring mail (worn)
 j - a +0 helmet (worn)
 o - a +0 leather armour
 v - a +0 cloak (worn)
Jewellery
 d - an amulet of guardian spirit
 x - a ring of protection from fire
 D - a ring of willpower (left hand)
 E - a +4 ring of slaying (right hand)
Wands
 l - a wand of flame (18)
 u - a wand of mindburst (9)
Scrolls
 a - 4 scrolls of immolation
 e - 2 scrolls of blinking {unknown}
 p - 2 scrolls of fear {unknown}
 q - a scroll of teleportation
 r - a scroll of holy word
 s - a scroll of enchant weapon {unknown}
 y - a scroll of summoning {unknown}
 B - a scroll of fog {unknown}
 C - a scroll of magic mapping {unknown}
Potions
 b - a potion of magic
 c - a potion of mutation {unknown}
 f - 2 potions of haste
 m - 4 potions of curing
 n - a potion of attraction {unknown}
 t - 3 potions of heal wounds {unknown}
 z - a potion of invisibility {unknown}
 A - a potion of lignification {unknown}


   Skills:
 + Level 3.3 Fighting
 + Level 3.6 Maces & Flails
 + Level 4.7 Dodging
 - Level 2.4 Stealth
 + Level 3.5 Spellcasting
 * Level 7.5 Necromancy
 + Level 0.1 Invocations


You had 6 spell levels left.
You knew the following spells:

 Your Spells              Type           Power      Damage    Failure   Level
a - Vampiric Draining     Necr           32%        2d8       4%          3
b - Pain                  Necr           100%       1d9       1%          1
c - Animate Dead          Necr           16%        N/A       16%         4

Your spell library contained the following spells:

 Spells                   Type           Power      Damage    Failure   Level
 Animate Skeleton         Necr           64%        N/A       1%          1
 Summon Small Mammal      Summ           12%        N/A       34%         1
 Agony                    Necr           32%        N/A       41%         5
 Call Canine Familiar     Summ           3%         N/A       71%         3
 Confusing Touch          Hex            3%         N/A       71%         3
 Summon Guardian Golem    Hex/Summ       3%         N/A       71%         3
 Borgnjor's Vile Clutch   Necr/Erth      8%         N/A       91%         5
 Death Channel            Necr           16%        N/A       94%         6
 Yara's Violent Unravell  Hex/Tmut       1%         3d3       100%        5
 Enfeeble                 Hex            1%         N/A       100%        7


Dungeon Overview and Level Annotations

Branches:
Dungeon (6/15)             Temple (1/1) D:5         Ossuary (1/1)

Altars:
Cheibriados
Makhleb

Shops:
D:4 *:   D:6 [


Innate Abilities, Weirdness & Mutations

You are resistant to damage.
You can heal yourself by infusing magical energy.
You passively map a small area around you.
You do not regenerate.


Message History

The mummy is severely damaged.
You hit the mummy.
The mummy is almost destroyed.
The mummy hits you!
* * * LOW HITPOINT WARNING * * *
You sock the mummy!
You destroy the mummy!
Makhleb accepts your kill.
E - a +4 ring of slaying
E - a +4 ring of slaying (right hand)
You remove your ring of protection from fire.
D - a ring of willpower (left hand)
There is an open door, spattered with blood here.
You open the door.
A mummy comes into view.
Found 2 glowing cyan potions.
A mummy is nearby!
A mummy is nearby!
A mummy is nearby!
You sock the mummy!
The mummy is heavily damaged.
You barely miss the mummy.
The mummy is heavily damaged.
The mummy completely misses you.
You hit the mummy.
The mummy is severely damaged.
The mummy closely misses you.
You completely miss the mummy.
The mummy is severely damaged.
You completely miss the mummy.
The mummy is severely damaged.
The mummy hits you!
* * * LOW HITPOINT WARNING * * *
You barely miss the mummy.
The mummy is severely damaged.
The mummy closely misses you.
You hit the mummy.
The mummy is almost destroyed.
The mummy hits you!
You die...

......................#
......................#
#......###......####..#
...8...# #...8...+,#..#
#......#+#......####..#
.......#.#............#
......................#
#.####.....####.####..#
..#,+...8...+ #.@M!#..#
#.####.....####.####..#
......................#
.......#.#............#
#......#+#......####..#
...8...# #...8...'.#..#
#......###......####..#
......................#
......................#


You could see a mummy.

Vanquished Creatures
  Sigmund (D:3)
  A sky beast (D:6)
  A black bear (D:3)
  3 scorpions
  2 necrophages
  A jelly (D:5)
  An orc priest (D:5)
  2 hounds (D:5)
  2 iguanas (D:5)
  2 orc wizards
  2 mummies
  3 gnolls (D:5)
  9 adders
  A shadow imp (D:5)
  A white imp (D:5)
  An ufetubus (D:3)
  A worm (D:2)
  A dart slug (D:3)
  11 orcs
  3 bats
  11 endoplasms
  A giant cockroach (D:5)
  A gnoll zombie (Ossuary)
  2 goblins
  10 hobgoblins
  5 kobolds
  4 quokkas
  A ball python (D:2)
  2 frilled lizards
  A goblin zombie (Ossuary)
  4 hobgoblin zombies (Ossuary)
  4 kobold zombies (Ossuary)
  8 rats
103 creatures vanquished.

Notes
Turn   | Place    | Note
-------+----------+-------------------------------------------
     0 | D:1      | siradein the Deep Dwarf Necromancer began the quest for the
                  | Orb.
     0 | D:1      | Reached XP level 1. HP: 15/15 MP: 3/3
   262 | D:1      | Reached XP level 2. HP: 14/24 MP: 2/4
   827 | D:1      | Found a faded altar of an unknown god.
  1096 | D:2      | Reached XP level 3. HP: 18/30 MP: 1/6
  1302 | D:2      | Reached skill level 1 in Fighting
  1326 | D:2      | Learned a level 3 spell: Vampiric Draining
  1513 | D:2      | Reached skill level 1 in Maces & Flails
  1622 | D:2      | Reached skill level 5 in Necromancy
  2495 | D:3      | Reached XP level 4. HP: 22/38 MP: 7/7
  2696 | D:3      | Noticed a black bear
  2926 | D:3      | Noticed Sigmund
  3092 | D:3      | Killed Sigmund
  3093 | D:3      | Reached XP level 5. HP: 38/45 MP: 1/8
  3497 | D:3      | Killed a black bear
  3498 | D:3      | Reached skill level 6 in Necromancy
  3498 | D:3      | Reached XP level 6. HP: 35/52 MP: 5/10
  3676 | D:4      | Learned a level 4 spell: Animate Dead
  3758 | D:4      | Found Vailuz's Book Emporium.
  4408 | D:4      | Found Cakh's Commerce Corner.
  4416 | D:4      | Bought a +0 cloak for 63 gold pieces
  5101 | D:5      | Entered Level 5 of the Dungeon
  5200 | D:5      | Found a staircase to the Ecumenical Temple.
  5209 | Temple   | Entered the Ecumenical Temple
  5216 | Temple   | Became a worshipper of Makhleb the Destroyer
  5237 | D:5      | Reached XP level 7. HP: 23/58 MP: 8/11
  5755 | D:5      | Reached skill level 7 in Necromancy
  6258 | D:6      | Found Kiza Yhu's Armour Shoppe.
  6334 | D:6      | Reached XP level 8. HP: 33/69 MP: 4/13
  6395 | D:6      | Found a sand-covered staircase.
  6414 | Ossuary  | Entered an ossuary
  6455 | Ossuary  | Reached * piety under Makhleb
  6656 | Ossuary  | Slain by a mummy

Illustrated notes

Levels and vault maps discovered:
D:1:      shiori_arrival_oz, layout_basic, serial_forest,
          infiniplex_forest_lined_3, infiniplex_forest_clump_C,
          infiniplex_forest_clump_curved, infiniplex_forest_lined_room_2,
          infiniplex_forest_lined_3_way, infiniplex_forest_3_way,
          infiniplex_forest_end_2, infiniplex_forest_lined_1,
          infiniplex_forest_diagonal, hellmonk_ecumenical_altar_prayer_group
D:2:      layout_basic, minmay_hexomino_u4
D:3:      layout_basic, uniq_sigmund
D:4:      layout_basic, serial_shops, kennysheep_little_box, serial_rivers,
          chequers_serial_rivers_micro_e, chequers_serial_rivers_micro_a,
          chequers_serial_rivers_micro_a, chequers_serial_rivers_micro_e,
          chequers_serial_rivers_room_b, nicolae_alphabet_shops
D:5:      layout_gridville, minmay_temple_entry_drinking_statues,
          gup_sewer_entry_glass, minmay_manual_mullet
D:6:      layout_cave_pools, nicolae_ossuary_entry_giza, serial_shops,
          nicolae_shop_hallway_stairs
Temple:   minmay_crystal_snake_temple
Ossuary:  ossuary_kennysheep_city_of_the_dead

Skill      XL: |  1  2  3  4  5  6  7 |
---------------+----------------------+-----
Spellcasting   | 2 3 |  3.5
Fighting       | 1 2 3 |  3.3
Maces & Flails | 1 2 3 |  3.6
Necromancy     | 5 6 7 |  7.5
Dodging        | 3 4 |  4.7
Stealth        | |  2.4
Invocations    | |  0.1

Action                   |  1- 3 |  4- 6 |  7- 9 || total
-------------------------+-------+-------+-------++-------
Melee: Unarmed           |    11 |       |       ||    11
       Mace              |     7 |    51 |    21 ||    79
       Flail             |       |       |    85 ||    85
       Punch             |       |       |     2 ||     2
 Cast: Pain              |    68 |    15 |       ||    83
       Vampiric Draining |       |    18 |    28 ||    46
  Use: Scroll            |     1 |     4 |       ||     5
Armor: Robe              |     1 |       |       ||     1
       Ring mail         |     7 |       |     5 ||    12
       Leather armour    |       |    19 |    48 ||    67
Dodge: Dodged            |    17 |    45 |    85 ||   147

Table legend: (Time is in decaauts)
 A = Elapsed time spent in this place.
 B = Non-inter-level travel time spent in this place.
 C = Inter-level travel time spent in this place.
 D = Time resting spent in this place.
 E = Time spent auto-exploring this place.
 F = Levels seen in this place.
 G = Mean time per level.
                   A        B        C        D        E       F      G
               +--------+--------+--------+--------+--------+-----+--------+
         Total |   6760 |   6641 |    119 |     74 |   4825 |   8 |  845.0 |
       Dungeon |   6497 |   6378 |    119 |     74 |   4685 |   6 | 1082.8 |
        Temple |     14 |     14 |      0 |      0 |      0 |   1 |   14.0 |
       Ossuary |    248 |    248 |      0 |      0 |    140 |   1 |  248.0 |
               +--------+--------+--------+--------+--------+-----+--------+

Top non-repeatable levels by time:
     D:4: 1433 daAuts
     D:2: 1394 daAuts
     D:5: 1225 daAuts
     D:3: 1205 daAuts
     D:1: 1073 daAuts
 Ossuary: 248 daAuts
     D:6: 164 daAuts
  Temple: 14 daAuts
